 Dungeon Crawl Stone Soup version 0.17-a0-1769-g54adf96 (webtiles) character file.

102 inmateoo the Firebug (level 4, -2/36 HPs)
             Began as a Naga Fire Elementalist on Sept 7, 2015.
             Slain by Natasha (3 damage)
             ... on level 2 of the Dungeon.
             The game lasted 00:03:32 (1903 turns).

inmateoo the Firebug (Naga Fire Elementalist)       Turns: 1903, Time: 00:03:32

Health: -2/36      AC:  3    Str: 10    XL:     4   Next: 78%
Magic:  4/8        EV: 10    Int: 18    God:
Gold:   77         SH:  0    Dex: 12    Spells: 3 memorised, 3 levels left

rFire  . . .     SeeInvis +     g - +0 short sword (drain)
rCold  . . .     Clarity  .     a - +1 robe
rNeg   . . .     SustAt   .     (no shield)
rPois  +         Gourm    .     (no helmet)
rElec  .         Spirit   .     (no cloak)
rCorr  .         Warding  .     (no gloves)
rMut   .         Stasis   .     (no barding)
MR     .....                    (no amulet)
Stlth  +++.......               (no ring)
                                l - +2 ring of intelligence

@: very slightly contaminated, very slow, not resistant to hostile enchantments,
fairly stealthy
A: see invisible, deformed body, poison resistance, slowness 2, slow metabolism
1, spit poison 2, AC +1
a: Spit Poison


You were on level 2 of the Dungeon.
You were hungry.

You visited 1 branch of the dungeon, and saw 2 of its levels.

You collected 77 gold pieces.

Inventory:

Hand weapons
 g - a +0 short sword of draining (weapon)
Armour
 a - a +1 robe (worn)
Jewellery
 l - a +2 ring of intelligence (left hand)
Scrolls
 d - a scroll of recharging
 e - a scroll of amnesia
Potions
 i - a potion of curing
 k - a potion of flight {unknown}
 o - a potion of lignification {unknown}
Books
 b - a book of Flames

   Spells                             Type                      Level
   a - Flame Tongue                   Conjuration/Fire             1
   b - Throw Flame                    Conjuration/Fire             2
   c - Conjure Flame                  Conjuration/Fire             3
   d - Inner Flame                    Hexes/Fire                   3
   e - Sticky Flame                   Conjuration/Fire             4
   f - Fireball                       Conjuration/Fire             5
Comestibles
 c - 3 bread rations
 n - 4 chunks of flesh


   Skills:
 + Level 2.1 Dodging
 + Level 3.7 Stealth
 * Level 3.1 Spellcasting
 + Level 1.4 Conjurations
 * Level 3.7 Fire Magic


You had 3 spell levels left.
You knew the following spells:

 Your Spells              Type           Power        Failure   Level  Hunger
a - Flame Tongue          Conj/Fire      ##...        8%          1    None
b - Throw Flame           Conj/Fire      ##....       12%         2    ##.....
c - Conjure Flame         Conj/Fire      ##......     21%         3    ###....


Dungeon Overview and Level Annotations

Branches:
Dungeon (2/15)

Altars:

Annotations:
D:2 Natasha


Innate Abilities, Weirdness & Mutations

You cannot wear boots.
Your serpentine skin is tough (AC +1).
You have supernaturally acute eyesight.
Armour fits poorly on your strangely shaped body.
Your system is resistant to poisons.
You cover ground very slowly.
You have a slow metabolism.
You can spit poison.


Message History

The flame tongue misses Natasha.
Natasha claws you. The shadow imp misses you.
Casting: Flame Tongue
Confirm with . or Enter, or press ? or * to list all spells.
Aiming: Flame Tongue
Press: ? - help, Shift-Dir - straight line, f/p - Natasha
Aim: Natasha (almost dead)
You miscast Flame Tongue.
You are very lightly contaminated with residual magic.
Nothing appears to happen.
The shadow imp hits you. Natasha claws you!
* * * LOW HITPOINT WARNING * * *
Casting: Flame Tongue
Confirm with . or Enter, or press ? or * to list all spells.
Aiming: Flame Tongue
Press: ? - help, Shift-Dir - straight line, f/p - Natasha
Aim: Natasha (almost dead)
The flame tongue misses Natasha.
The shadow imp hits you.
* * * LOW HITPOINT WARNING * * *
Natasha mewls in sadness.
Natasha claws you.
You die...

#.....# .. ###.### #.
#)# #. ####.#### ##.##
#.......# ...# #.##.##.#
# #..# #.##.##.# ##.#.h#
#.##.##.## #
###...5@####.##.#...####
.......................'
###...#.####........####
##.##.####.##.##.### #
##........##......#
#.#.###..#####.#.# #.#.#
#........#.# ##.#.#
#.########.### #S...#
#.# #....


You could see Natasha and a shadow imp.

Vanquished Creatures
  Ijyb (D:2)
  Natasha (twice) (D:2)
  A worm (D:2)
  A giant gecko (D:1)
  A ball python (D:1)
  2 bats (D:1)
  12 goblins
  2 hobgoblins
  5 kobolds
  2 quokkas (D:2)
  2 giant cockroaches
  2 giant newts (D:1)
  3 rats
36 creatures vanquished.

Notes
Turn   | Place    | Note
--------------------------------------------------------------
     0 | D:1      | inmateoo the Naga Fire Elementalist began the quest for the Orb.
     0 | D:1      | Reached XP level 1. HP: 15/15 MP: 3/3
   292 | D:1      | Reached XP level 2. HP: 22/22 MP: 5/5
  1060 | D:1      | Learned a level 2 spell: Throw Flame
  1146 | D:2      | Reached XP level 3. HP: 25/28 MP: 0/6
  1464 | D:2      | Noticed Natasha
  1469 | D:2      | Killed Natasha
  1469 | D:2      | Reached XP level 4. HP: 10/36 MP: 3/8
  1738 | D:2      | Noticed Natasha
  1748 | D:2      | Killed Natasha
  1772 | D:2      | Noticed Ijyb
  1780 | D:2      | Killed Ijyb
  1842 | D:2      | Learned a level 3 spell: Conjure Flame
  1857 | D:2      | Noticed Natasha
  1903 | D:2      | HP: 1/36 [shadow imp[Natasha] (4)]
  1903 | D:2      | Slain by Natasha

Vault maps used:
D:1:      erik_arrival_cave_to_civilisation
D:2:      kennysheep_the_goblin_king, first_bread, nrook_loot_triangle,
          uniq_natasha, uniq_iyjb

Action                   |  1- 3 |  4- 6 || total
-------------------------+-------+-------++-------
Melee: Short sword       |    62 |    22 ||    84
 Cast: Flame Tongue      |    15 |    13 ||    28
  Use: Scroll            |       |     6 ||     6
 Stab: Sleeping          |     9 |     1 ||    10
  Eat: Chunk             |     1 |     1 ||     2
